 Dungeon Crawl Stone Soup version 0.29.1-2-gbd0b4ee654 (webtiles) character file.

Game seed: 16207286655113500586

53692 themostdcss the Gelid (level 14, -4/113 HPs)
             Began as a Demonspawn Ice Elementalist on Nov 14, 2022.
             Was a High Priest of Vehumet.
             Slain by a white ugly thing (35 damage)
             ... on level 13 of the Dungeon.
             The game lasted 00:43:20 (21600 turns).

themostdcss the Gelid (DsIE)                       Turns: 21600, Time: 00:43:21

Health: -4/113     AC: 12    Str: 11    XL:     14   Next: 31%
Magic:  28/28      EV: 12    Int: 25    God:    Vehumet [*****.]
Gold:   1031       SH:  0    Dex:  8    Spells: 8/34 levels left

rFire   + . .      SeeInvis .   w - +5 hand axe of Extremism {vorpal, Int+5 Dex-5}
rCold   . . .      Faith    .   (no shield)
rNeg    . . .      Spirit   .   G - +3 troll leather armour
rPois   +          Reflect  .   s - +2 helmet
rElec   .          Harm     .   I - +0 cloak
rCorr   .          Rampage  .   (gloves unavailable)
Will    +....                   u - +0 pair of boots
Stlth   ++........              F - amulet of magic regeneration
HPRegen 1.08/turn               p - ring of poison resistance
MPRegen 0.61/turn               K - ring of protection from fire

@: no status effects
A: claws 3, demonic guardian 1, sturdy frame 2, demonic magic 3
a: Renounce Religion


You were on level 13 of the Dungeon.
You worshipped Vehumet.
Vehumet was extremely pleased with you.
You visited 3 branches of the dungeon, and saw 20 of its levels.
You also visited: Sewer.

You collected 1192 gold pieces.
You spent 161 gold pieces at shops.

Inventory:

Hand Weapons
 c - a +0 short sword
 w - the +5 hand axe of Extremism (weapon) {vorpal, Int+5 Dex-5}
   (You found it on level 4 of the Dungeon)

   It inflicts extra damage upon your enemies.
   Int:       It affects your intelligence (+5).
   Dex:       It affects your dexterity (-5).
Armour
 s - a +2 helmet (worn)
 u - a +0 pair of boots (worn)
 G - a +3 troll leather armour (worn)
 I - a +0 cloak (worn)
Jewellery
 p - a ring of poison resistance (left claw)
 z - a ring of positive energy
 D - a ring of resist corrosion
 F - an amulet of magic regeneration (around neck)
 K - a ring of protection from fire (right claw)
 S - the amulet of Cunnaf {Regen+ Dex+4 SInv}
   (You found it on level 12 of the Dungeon)

   [amulet of regeneration]

   Dex:       It affects your dexterity (+4).
   SInv:      It lets you see invisible.
   Regen:     It increases your rate of health regeneration.
Wands
 q - a wand of mindburst (20)
 y - a wand of roots (10)
 E - a wand of digging (4)
 L - a wand of acid (18)
 O - a wand of flame (22)
 T - a wand of polymorph (7)
Scrolls
 a - a scroll of amnesia
 b - a scroll of enchant armour
 d - 4 scrolls of teleportation
 i - 5 scrolls of poison
 k - 2 scrolls of enchant weapon
 n - 2 scrolls of summoning
 A - 2 scrolls of silence
 C - 3 scrolls of fear
 N - a scroll of acquirement {unknown}
 R - 2 scrolls of immolation
 U - a scroll of fog {unknown}
 Z - 2 scrolls of magic mapping
Potions
 e - a potion of invisibility {unknown}
 f - a potion of cancellation {unknown}
 g - 9 potions of brilliance
 h - 4 potions of attraction {unknown}
 j - 8 potions of mutation
 l - 7 potions of curing
 r - 5 potions of heal wounds
 t - 5 potions of haste
 x - 6 potions of might {unknown}
 H - 2 potions of lignification {unknown}
 J - a potion of magic
 Q - a potion of berserk rage {unknown}
 W - 3 potions of ambrosia {unknown}
 Y - a potion of flight
Miscellaneous
 P - a lightning rod (4/4)
 V - a phial of floods


   Skills:
 + Level 11.0 Fighting
 - Level 2.2 Dodging
 - Level 2.3 Stealth
 + Level 10.9 Spellcasting
 - Level 8.0 Conjurations
 - Level 8.0 Fire Magic
 - Level 15.0 Ice Magic
 - Level 2.0 Air Magic


You had 8 spell levels left.
You knew the following spells:

 Your Spells              Type           Power      Damage    Failure   Level
a - Freeze                Ice            100%       1d11      0%          1
b - Frozen Ramparts       Ice            100%       1d16      1%          3
c - Ozocubu's Armour      Ice            73%        N/A       1%          3
d - Hailstorm             Conj/Ice       63%        3d13      1%          4
e - Shock                 Conj/Air       100%       1d9       1%          1
f - Static Discharge      Conj/Air       38%        3-8/arc   1%          2
g - Ozocubu's Refrigerat  Ice            36%        4d15      2%          7
h - Fireball              Conj/Fire      26%        3d12      1%          5

Your spell library contained the following spells:

 Spells                   Type           Power      Damage    Failure   Level
 Fulminant Prism          Conj/Hex       16%        3d11      2%          4
 Foxfire                  Conj/Fire      100%       2x1d9     1%          1
 Scorch                   Fire           100%       2d10      1%          2
 Conjure Flame            Conj/Fire      52%        6-21      1%          3
 Inner Flame              Hex/Fire       33%        N/A       1%          3
 Flame Wave               Conj/Fire      52%        2d13      1%          4
 Apportation              Tloc           26%        N/A       4%          1
 Necrotise                Necr           52%        1d6       4%          1
 Summon Small Mammal      Summ           52%        N/A       4%          1
 Irradiate                Conj/Tmut      16%        3d17      7%          5
 Call Canine Familiar     Summ           13%        N/A       14%         3
 Gell's Gravitas          Tloc           13%        N/A       14%         3
 Lesser Beckoning         Tloc           13%        N/A       14%         3
 Summon Guardian Golem    Hex/Summ       13%        N/A       14%         3
 Teleport Other           Tloc           13%        N/A       14%         3
 Tukima's Dance           Hex            13%        N/A       14%         3
 Lee's Rapid Deconstruct  Erth           6%         3d7*      30%         5
 Yara's Violent Unravell  Hex/Tmut       6%         3d5       30%         5
 Leda's Liquefaction      Hex/Erth       6%         N/A       41%         4
 Passage of Golubria      Tloc           13%        N/A       41%         4
 Blade Hands              Tmut           6%         N/A       77%         5
 Statue Form              Tmut/Erth      8%         N/A       100%        6
 Summon Cactus Giant      Summ           6%         N/A       100%        6
 Dragon Form              Tmut           6%         N/A       100%        7


Dungeon Overview and Level Annotations

Branches:
Dungeon (14/15)            Temple (1/1) D:4            Lair (5/5) D:11
  Swamp (0/4) Lair:3       Spider (0/4) Lair:2        Slime (0/5) Lair:5
    Orc (0/2) D:10          Sewer (visited)
 Vaults: D:13-14

Altars:
Ashenzari
Cheibriados
Dithmenos
Fedhas
Gozag
Hepliaklqana
Kikubaaqudgha
Makhleb
Nemelex Xobeh
Okawaru
Qazlal
Ru
Sif Muna
Trog
Uskayaw
Vehumet
Wu Jian
Xom
Yredelemnul

Shops:
D:13 ?*

Annotations:
D:6 1 runed translucent door, t4s4d4r's ghost, amateur DEEE
D:10 1 runed translucent door, yogakurto's ghost, journeyman GrIE
Lair:2 1 runed translucent door, Cuaqer's ghost, journeyman HOFi


Innate Abilities, Weirdness & Mutations

You have claws for hands.
A weak demonic guardian rushes to your aid.
Your movements are less encumbered by armour. (ER -4)
Spells you cast and wands you use may paralyse nearby enemies.


Message History

You see here 2 potions of mutation.
j - 8 potions of mutation (gained 2)
As you read the scroll of identify, it crumbles to dust.
Z - 2 scrolls of magic mapping
(D) Dungeon (T) Temple (L) Lair (S) Swamp (N) Spider Nest (M) Slime Pits (O) Orcish Mines
Where to? (Enter - D:11, ? - help)
What level of the Dungeon? (default 1, ? - help)
There is a stone staircase leading down here.
You climb downwards.
There is a stone staircase leading up here.
There is an open door here.
You see here a +0 spear.
There is a stone staircase leading down here.
You climb downwards.
There is a stone staircase leading up here.
There is a stone staircase leading down here.
You climb downwards.
The white ugly thing headbutts you. The white ugly thing freezes you!!
A demonic guardian appears!
The white ugly thing misses you.
There is a stone staircase leading up, spattered with blood here.
The white ugly thing gores you! The white ugly thing freezes you!!
The white ugly thing headbutts you! The white ugly thing freezes you!!
* * * LOW HITPOINT WARNING * * *
You climb upwards.
Your summoned ally is left behind.
There is a stone staircase leading down here.
As you read the scroll of summoning, it crumbles to dust.
Wisps of shadow whirl around you...
The white ugly thing barely misses you. x2
Unknown command.
Unknown command.
Your vampire mosquito bites the white ugly thing.
Your vampire mosquito draws strength from the white ugly thing's injuries!
Your centaur warrior hits the white ugly thing!
Your centaur warrior kicks the white ugly thing.
Your centaur warrior hits the white ugly thing!
Your centaur warrior kicks the white ugly thing.
The white ugly thing gores you.
* * * LOW HITPOINT WARNING * * *
The white ugly thing freezes you!!
You die...

##....## #..# ##. #.....#
##.## ## ##....## #.<#### #
#.....# ##.##..# #.....#
#.....>## ##....######
##.....).# #.....#...###
###..#....## # #
#.........u>###...####..#
## ###
#.........y@uc..#..######
#.
..#####.........Tcy####..##
##. #...###)............#
##..## #..
####....###.........##
##..## #.. ##..##
#..........# ##..###..
##.## ##.........##
##..##.. ## #..#
#..........# ##..#.. .##
##.# ##.........# ##....
..# #.## ##.......## ##...


You could see 2 ugly things, 2 friendly centaur warriors, a friendly troll
(summoned) and 2 friendly vampire mosquitoes.

Vanquished Creatures
  A boulder beetle (D:13)
  10 hydras
  4 catoblepae
  3 centaur warriors
  A deep troll shaman (Lair:5)
  6 two-headed ogres
  4 death yaks (Lair:5)
  Nergalle (D:10)
  Lodul (D:14)
  A swamp dragon (Lair:5)
  6 cyclopes
  A will-o-the-wisp (Lair:5)
  3 manticores
  An oklob plant (Lair:4)
  4 black mambas
  4 elephants
  A water nymph (shapeshifter) (D:13)
  A gargoyle (D:12)
  9 cane toads
  9 komodo dragons
  A kobold demonologist (D:8)
  2 efreet
  2 rime drakes
  3 trolls (D:11)
  Prince Ribbit (Lair:2)
  7 polar bears
  20 blink frogs
  3 slime creatures (D:13)
  27 yaks
  A shadow (D:11)
  A wraith (D:13)
  5 wyverns
  A golden eye (shapeshifter) (D:14)
  2 basilisks
  2 steam dragons (D:8)
  9 vampire mosquitoes
  An acid dragon (D:11)
  9 water moccasins
  4 orc warriors
  A swamp drake (Lair:5)
  4 black bears
  A sky beast (D:8)
  An ice beast (D:6)
  9 ogres
  6 centaurs
  11 wolves
  7 kobold brigands
  7 bullfrogs
  3 necrophages
  6 scorpions
  5 wights (D:7)
  14 killer bees
  2 howler monkeys
  3 electric eels
  3 jellies
  A hound (D:4)
  7 orc priests
  11 orc wizards
  3 iguanas
  3 gnolls (D:6)
  8 adders
  2 shadow imps
  2 white imps
  An ufetubus (D:5)
  4 worms
  3 dart slugs
  39 orcs
  13 ball pythons
  17 endoplasms
  19 giant cockroaches
  8 goblins
  5 hobgoblins
  4 jackals (D:1)
  14 quokkas
  3 bats (D:1)
  7 frilled lizards
  29 kobolds
  7 rats
  A bush (Lair:1)
466 creatures vanquished.

Vanquished Creatures (collateral kills)
  A hydra (Lair:5)
1 creature vanquished.

Vanquished Creatures (others)
  2 foxfires (Lair:5)
  87 fungi
  136 plants
225 creatures vanquished.

Grand Total: 692 creatures vanquished

Notes
Turn   | Place    | Note
-------+----------+-------------------------------------------
     0 | D:1      | themostdcss the Demonspawn Ice Elementalist began the quest
                  | for the Orb.
     0 | D:1      | Reached XP level 1. HP: 13/13 MP: 3/3
   316 | D:1      | Gained mutation: Spells you cast may paralyse adjacent
                  | enemies. [demonic ancestry]
   316 | D:1      | Reached XP level 2. HP: 10/19 MP: 1/5
  1250 | D:1      | Gained mutation: Your movements are slightly less
                  | encumbered by armour. (ER -2) [demonic ancestry]
  1250 | D:1      | Reached XP level 3. HP: 17/24 MP: 3/6
  1254 | D:1      | Learned a level 3 spell: Frozen Ramparts
  1502 | D:1      | Reached skill level 4 in Ice Magic
  2718 | D:2      | Reached XP level 4. HP: 30/30 MP: 2/8
  2921 | D:3      | Noticed a necrophage
  2963 | D:3      | Found an opulent altar of Gozag.
  2978 | D:3      | Learned a level 3 spell: Ozocubu's Armour
  3171 | D:3      | Gained mutation: Spells you cast may paralyse nearby
                  | enemies. [demonic ancestry]
  3171 | D:3      | Reached XP level 5. HP: 28/35 MP: 6/10
  3660 | D:4      | Gained mutation: You have sharp fingernails. [demonic
                  | ancestry]
  3660 | D:4      | Reached XP level 6. HP: 41/41 MP: 5/12
  3933 | D:4      | Reached skill level 5 in Ice Magic
  4013 | D:4      | Found a staircase to the Ecumenical Temple.
  4022 | Temple   | Entered the Ecumenical Temple
  4170 | D:4      | Identified the +5 hand axe of Extremism {vorpal, Int+5
                  | Dex-5}
  4297 | D:4      | Reached skill level 5 in Spellcasting
  4443 | D:4      | Gained mutation: Spells you cast and wands you use may
                  | paralyse nearby enemies. [demonic ancestry]
  4443 | D:4      | Reached XP level 7. HP: 41/46 MP: 11/15
  4492 | D:4      | Found an ancient bone altar of Kikubaaqudgha.
  4605 | D:4      | Found a radiant altar of Vehumet.
  4606 | D:4      | Found a basalt altar of Yredelemnul.
  4609 | D:4      | Became a worshipper of Vehumet
  4892 | D:5      | Entered Level 5 of the Dungeon
  5434 | D:5      | Reached skill level 6 in Ice Magic
  5526 | D:5      | Found a stormy altar of Qazlal.
  5683 | D:5      | Reached XP level 8. HP: 52/52 MP: 14/18
  5969 | D:6      | Found a glowing drain.
  5974 | Sewer    | Entered a sewer
  6086 | Sewer    | Reached * piety under Vehumet
  6086 | Sewer    | Offered knowledge of Foxfire by Vehumet.
  6374 | Sewer    | Reached skill level 1 in Conjurations
  6748 | D:6      | Reached ** piety under Vehumet
  6748 | D:6      | Offered knowledge of Shock by Vehumet.
  7179 | D:6      | Reached skill level 7 in Ice Magic
  7387 | D:6      | Found a broken altar of Ashenzari.
  7517 | D:6      | Found a runed translucent door.
  7518 | D:6      | Noticed t4s4d4r's ghost (amateur DEEE)
  7965 | D:7      | Reached XP level 9. HP: 35/57 MP: 17/20
  8317 | D:7      | Learned a level 4 spell: Hailstorm
  8335 | D:7      | Reached skill level 8 in Ice Magic
  8356 | D:7      | Learned a level 1 spell: Shock
  9339 | D:8      | Offered knowledge of Static Discharge by Vehumet.
  9555 | D:8      | Noticed a two-headed ogre
  9568 | D:8      | Killed a two-headed ogre
  9569 | D:8      | Reached skill level 5 in Conjurations
  9569 | D:8      | Reached skill level 9 in Ice Magic
  9683 | D:8      | Gained mutation: Your movements are less encumbered by
                  | armour. (ER -4) [demonic ancestry]
  9683 | D:8      | Reached XP level 10. HP: 63/63 MP: 19/22
  9731 | D:8      | Learned a level 2 spell: Static Discharge
  9784 | D:8      | Noticed a two-headed ogre
  9789 | D:8      | Killed a two-headed ogre
  9790 | D:8      | Reached skill level 1 in Fighting
  9867 | D:8      | Noticed a smoke demon
  9868 | D:8      | Reached *** piety under Vehumet
  9870 | D:8      | Reached skill level 10 in Ice Magic
 10005 | D:8      | Found a hazy altar of Hepliaklqana.
 10034 | D:8      | Found an ornate altar of the Wu Jian Council.
 10239 | D:9      | Offered knowledge of Iskenderun's Mystic Blast by Vehumet.
 10305 | D:9      | Reached skill level 1 in Air Magic
 10532 | D:9      | Identified the +1 leather armour of Gisam {rC+ Regen+}
 10614 | D:10     | Entered Level 10 of the Dungeon
 10623 | D:10     | Found a runed translucent door.
 10623 | D:10     | Found a shimmering altar of Xom.
 10623 | D:10     | Noticed yogakurto's ghost (journeyman GrIE)
 10623 | D:10     | Noticed a +0 mace of chaos
 10632 | D:10     | Noticed Nergalle
 10638 | D:10     | Killed Nergalle
 10640 | D:10     | Reached skill level 11 in Ice Magic
 10653 | D:10     | Noticed a two-headed ogre
 10668 | D:10     | Killed a two-headed ogre
 11180 | D:10     | Noticed a two-headed ogre
 11188 | D:10     | Killed a two-headed ogre
 11189 | D:10     | Gained mutation: You have very sharp fingernails. [demonic
                  | ancestry]
 11189 | D:10     | Reached XP level 11. HP: 74/75 MP: 15/24
 11247 | D:10     | Noticed a two-headed ogre
 11251 | D:10     | Killed a two-headed ogre
 11252 | D:10     | Reached skill level 10 in Spellcasting
 11465 | D:10     | Reached **** piety under Vehumet
 11606 | D:10     | Found a burning altar of Makhleb.
 11608 | D:10     | Noticed an Executioner
 11637 | D:10     | Offered knowledge of Fireball by Vehumet.
 11677 | D:10     | Reached skill level 12 in Ice Magic
 11690 | D:10     | Learned a level 7 spell: Ozocubu's Refrigeration
 11723 | D:10     | Found a staircase to the Orcish Mines.
 12276 | D:11     | Found a staircase to the Lair.
 12383 | D:11     | Noticed a five-headed hydra
 12408 | D:11     | Killed a five-headed hydra
 12756 | D:11     | Learned a level 5 spell: Fireball
 13205 | D:11     | Reached skill level 1 in Fire Magic
 13205 | D:11     | Reached skill level 13 in Ice Magic
 13393 | D:12     | Reached skill level 5 in Fighting
 13557 | D:12     | Identified the amulet of Cunnaf {Regen+ Dex+4 SInv}
 14009 | D:12     | Noticed a two-headed ogre
 14012 | D:12     | Killed a two-headed ogre
 14013 | D:12     | Gained mutation: You have claws for hands. [demonic
                  | ancestry]
 14013 | D:12     | Reached XP level 12. HP: 86/86 MP: 10/26
 14512 | D:13     | Noticed a centaur warrior
 14513 | D:13     | Noticed a centaur warrior
 14514 | D:13     | Noticed a seven-headed hydra
 14603 | D:13     | Killed a centaur warrior
 14718 | D:13     | Noticed a boulder beetle
 14878 | D:13     | Found Zedothri's Magic Scroll Shoppe.
 14890 | D:13     | Reached ***** piety under Vehumet
 14891 | D:13     | Killed a centaur warrior
 14908 | D:13     | Offered knowledge of Freezing Cloud by Vehumet.
 14942 | D:13     | Killed a seven-headed hydra
 14980 | D:13     | Noticed a catoblepas
 14992 | D:13     | Killed a catoblepas
 14997 | D:13     | Bought a scroll of blinking for 105 gold pieces
 14997 | D:13     | Bought a scroll of identify for 28 gold pieces
 14997 | D:13     | Bought a scroll of identify for 28 gold pieces
 15320 | D:13     | Found Iheckes's Island Escapes.
 15570 | D:13     | Reached skill level 14 in Ice Magic
 15727 | D:14     | Noticed Lodul
 15727 | D:14     | Noticed a centaur warrior
 15729 | D:14     | Killed a centaur warrior
 15731 | D:14     | Killed Lodul
 15792 | D:13     | Killed a boulder beetle
 15899 | D:14     | Noticed a tengu warrior
 15939 | D:14     | Noticed a tengu reaver
 15939 | D:14     | Noticed a sphinx
 16070 | Lair:1   | Entered Level 1 of the Lair of Beasts
 16124 | Lair:1   | Reached skill level 5 in Fire Magic
 16451 | Lair:1   | Noticed a four-headed hydra
 16458 | Lair:1   | Killed a four-headed hydra
 16459 | Lair:1   | Reached XP level 13. HP: 95/97 MP: 11/27
 17251 | Lair:2   | Noticed Prince Ribbit
 17252 | Lair:2   | Killed Prince Ribbit
 17356 | Lair:2   | Found a hole to the Spider Nest.
 17439 | Lair:2   | Found a runed translucent door.
 17442 | Lair:2   | Noticed Cuaqer's ghost (journeyman HOFi)
 18076 | Lair:3   | Found a staircase to the Swamp.
 18277 | Lair:3   | Offered knowledge of Fulminant Prism by Vehumet.
 19472 | Lair:4   | Reached skill level 10 in Fighting
 19622 | Lair:5   | Entered Level 5 of the Lair of Beasts
 19694 | Lair:5   | Found a staircase to the Slime Pits.
 20038 | Lair:5   | Reached skill level 15 in Ice Magic
 20296 | Lair:5   | Gained mutation: A weak demonic guardian rushes to your
                  | aid. [demonic ancestry]
 20296 | Lair:5   | Reached XP level 14. HP: 110/110 MP: 18/28
 21406 | Lair:5   | Identified the +3 ring mail "Qyzujag" {Contam rCorr Dex+7
                  | Stlth+}
 21600 | D:13     | Slain by a white ugly thing

Illustrated notes

Levels and vault maps discovered:
D:1:      lightli_arrival_farm, layout_basic
D:2:      layout_loops_corners
D:3:      layout_basic, mainiacjoe_overflow_brackets
D:4:      layout_cave_pods, kennysheep_mini, mainiacjoe_overflow_divided_tiny,
          temple_green
D:5:      layout_basic, mainiacjoe_overflow_alcove_2
D:6:      layout_basic, lemuel_coloured_pillars_altar,
          ebering_ghost_reflecting_pool, gup_sewer_entry_spiral
D:7:      minmay_skewed_foursquare, layout_loops_ring
D:8:      layout_rooms, mainiacjoe_overflow_swirl, enter_bailey_2, special_room
          [special_room_kobold], minmay_manual_mail
D:9:      layout_gridville, kennysheep_generic_room_6
D:10:     layout_irregular_city, makhleb_altar_promises_db, hiddenorc1_lemuel,
          ebering_ghost_xom, uniq_nergalle
D:11:     layout_irregular_city, david_lair_generic,
          minmay_misc_feat_four_crosses, hangedman_decor_peaks_small,
          lightli_minifort
D:12:     layout_loops_corners
D:13:     layout_cave_pods, serial_shops, kennysheep_mini_moat,
          nicolae_island_escapes
D:14:     layout_basic, erik_vaults_1, nicolae_ru_path_of_blood,
          minmay_hidden_floor, uniq_lodul
Temple:   dshaligram_water_room_temple
Lair:1:   layout_chaotic_city, grunt_megastairs_4, infiniplex_staircase_pool
Lair:2:   layout_misc_corridors, nicolae_spider_entry_non_spiders,
          ebering_ghost_inner_flame, uniq_prince_ribbit2
Lair:3:   layout_gridlike, minmay_swamp_entry_swarm, serial_bayou_shore_b
Lair:4:   layout_regular_city, nicolae_quartered_pool_medium
Lair:5:   grunt_lair_end_beastmaster, layout_loops_ring,
          dpeg_slime_entry_enclosed, serial_bayou_lagoon_a, pond

Skill      XL: |  1  2  3  4  5  6  7  8  9 10 11 12 13 14 |
---------------+-------------------------------------------+-----
Dodging        | 2 |  2.2
Stealth        | 2 |  2.3
Ice Magic      | 4 5 6 7 9 11 13 14 15 | 15.0
Spellcasting   | 3 4 5 7 8 9 10 | 10.9
Conjurations   | 3 5 7 8 |  8.0
Fighting       | 3 5 7 10 11 | 11.0
Air Magic      | 2 |  2.0
Fire Magic     | 2 5 8 |  8.0

Action                   |  1- 3 |  4- 6 |  7- 9 | 10-12 | 13-15 || total
-------------------------+-------+-------+-------+-------+-------++-------
Melee: Short sword       |    32 |    27 |       |       |       ||    59
       Unarmed           |     2 |       |       |       |       ||     2
       Punch             |       |     1 |     2 |     1 |     2 ||     6
       Hand axe          |       |     3 |   118 |    72 |    66 ||   259
 Cast: Freeze            |    53 |    47 |    70 |    10 |       ||   180
       Frozen Ramparts   |       |     7 |    31 |    20 |     5 ||    63
       Ozocubu's Armour  |       |     4 |     8 |     7 |       ||    19
       Hailstorm         |       |       |     7 |    46 |     2 ||    55
       Shock             |       |       |     4 |    62 |     5 ||    71
       Static Discharge  |       |       |       |    31 |    10 ||    41
       Ozocubu's Refrige |       |       |       |    65 |   158 ||   223
       Fireball          |       |       |       |     5 |    17 ||    22
  Use: Potion            |     2 |       |       |       |       ||     2
       Scroll            |       |       |     5 |     9 |    14 ||    28
 Stab: Sleeping          |     2 |     1 |     1 |       |       ||     4
       Paralysed         |     3 |     8 |    15 |    14 |     4 ||    44
       Petrified         |       |       |       |       |     2 ||     2
Armor: Robe              |    13 |    16 |    56 |       |       ||    85
       Steam dragon scal |       |       |     5 |    39 |       ||    44
       Troll leather arm |       |       |       |    13 |    59 ||    72
Dodge: Dodged            |    46 |    35 |   108 |    60 |    83 ||   332
